 Dungeon Crawl Stone Soup version 0.30.0-18-gc0e69614cb (webtiles) character file.

Game seed: 930511291195338630

581 javelincjr the Conjurer (level 7, -1/51 HPs)
             Began as a Gnoll Conjurer on May 24, 2023.
             Killed by divine providence
             ... invoked by an orc priest
              (13 damage)
             ... on level 4 of the Dungeon.
             The game lasted 00:10:23 (4141 turns).

javelincjr the Conjurer (Gnoll Conjurer)            Turns: 4141, Time: 00:10:23

Health: -1/51      AC: 11    Str:  8    XL:     7   Next: 36%
Magic:  7/15       EV: 11    Int: 18    God:
Gold:   154        SH:  0    Dex: 10    Spells: 14/17 levels left

rFire   . . .        e - +0 dagger (drain)
rCold   . . .        (no shield)
rNeg    . . .        g - +0 ring mail
rPois   .            m - +2 helmet
rElec   .            (no cloak)
rCorr   .            (no gloves)
SInv    .            y - +2 pair of boots
Will    .....        (no amulet)
Stlth   ++           (no ring)
HPRegen 0.28/turn    (no ring)
MPRegen 0.14/turn

%: no passive effects
@: very slightly contaminated
A: fangs 1, strong nose, distributed training
a: no special abilities


You were on level 4 of the Dungeon.
You visited 1 branch of the dungeon, and saw 4 of its levels.

You collected 154 gold pieces.

Inventory:

Hand Weapons
 e - a +0 dagger of draining (weapon)
 w - a +1 heavy trident
 B - a +0 vampiric trident
Armour
 a - a +0 robe
 g - a +0 ring mail (worn)
 m - a +2 helmet (worn)
 y - a +2 pair of boots (worn)
Jewellery
 v - a ring of magical power
Wands
 z - a wand of flame (11)
Scrolls
 d - a scroll of vulnerability {unknown}
 h - a scroll of magic mapping {unknown}
 j - 3 scrolls of teleportation {unknown}
 l - a scroll of enchant armour
 p - 2 scrolls of poison {unknown}
 r - a scroll of amnesia {unknown}
 s - a scroll of enchant weapon {unknown}
 t - a scroll of acquirement {unknown}
 u - 4 scrolls of identify
 x - a scroll of fog {unknown}
 C - 2 scrolls of noise {unknown}
Potions
 b - 2 potions of magic
 c - 2 potions of curing {unknown}
 f - a potion of degeneration {unknown}
 i - 2 potions of might
 k - a potion of heal wounds
 n - a potion of attraction {unknown}
 o - a potion of ambrosia {unknown}
 q - a potion of flight {unknown}
 A - a potion of lignification {unknown}
 D - a potion of brilliance {unknown}


   Skills:
 + Level 2.5 Fighting
 + Level 2.5 Short Blades
 + Level 2.5 Long Blades
 + Level 2.5 Axes
 + Level 2.5 Maces & Flails
 + Level 2.5 Polearms
 + Level 2.5 Staves
 + Level 2.5 Ranged Weapons
 + Level 2.5 Throwing
 + Level 2.5 Armour
 + Level 5.2 Dodging
 + Level 4.9 Stealth
 + Level 2.5 Shields
 + Level 2.5 Unarmed Combat
 + Level 5.6 Spellcasting
 + Level 7.4 Conjurations
 + Level 2.0 Hexes
 + Level 2.0 Summonings
 + Level 2.0 Necromancy
 + Level 2.0 Translocations
 + Level 2.0 Transmutations
 + Level 2.0 Fire Magic
 + Level 2.0 Ice Magic
 + Level 2.0 Air Magic
 + Level 2.0 Earth Magic
 + Level 2.0 Poison Magic
 + Level 2.8 Invocations
 + Level 2.5 Evocations


You had 14 spell levels left.
You knew the following spells:

 Your Spells              Type           Power      Damage    Failure   Level
a - Magic Dart            Conj           100%       1d8       1%          1
b - Searing Ray           Conj           62%        2d6       2%          2

Your spell library contained the following spells:

 Spells                   Type           Power      Damage    Failure   Level
 Shock                    Conj/Air       88%        1d8       4%          1
 Apportation              Tloc           24%        N/A       16%         1
 Dazzling Flash           Conj/Hex       44%        N/A       16%         3
 Fulminant Prism          Conj/Hex       11%        3d9       45%         4
 Iskenderun's Mystic Bla  Conj/Tloc      22%        2d6       45%         4
 Malign Gateway           Summ/Tloc      6%         N/A       100%        7
 Summon Horrible Things   Summ           6%         N/A       100%        8


Dungeon Overview and Level Annotations

Branches:
Dungeon (4/15)
 Temple: D:4-7

Altars:
Dithmenos
Uskayaw
Yredelemnul


Innate Abilities, Weirdness & Mutations

You have very sharp teeth.
Your uncanny sense of smell can sniff out nearby items.
Your experience applies equally to all skills.


Message History

You are very lightly contaminated with residual magic.
Nothing appears to happen.
The orc priest hits you from afar with a +0 trident.
The orc warrior hits you with a +0 glaive!
* * * LOW HITPOINT WARNING * * *
You feel much better. The orc priest misses you.
The orc priest calls down the wrath of Beogh upon you.
Beogh smites you!
The orc warrior hits you with a +0 glaive!
* * * LOW HITPOINT WARNING * * *
You feel much better. The orc priest closely misses you.
The orc warrior misses you.
Casting: Searing Ray (safe; 2% risk of failure)
Confirm with . or Enter, or press ? or * to list all spells.
Aiming: Searing Ray (safe; 2% risk of failure)
Press: ? - help, Shift-Dir - straight line, f/p - orc priest
Aim: an orc priest, wielding a +0 hand axe (79% to hit)
The searing ray hits the orc warrior.
The orc warrior is moderately wounded.
The searing ray hits the orc priest!
The orc priest is severely wounded.
The searing ray hits the orc.
The orc is lightly wounded.
The searing ray misses the orc priest. (Press . to maintain the ray.)
The orc priest calls upon Beogh to heal the orc warrior.
The orc warrior is healed somewhat.
The orc warrior hits you with a +0 glaive!!
* * * LOW HITPOINT WARNING * * *
The searing ray hits the orc warrior.
The orc warrior is moderately wounded.
The searing ray hits the orc priest.
You kill the orc priest!
The searing ray hits the orc.
The orc is almost dead.
The searing ray hits the orc priest!
The orc priest is severely wounded.
The orc priest invokes the aid of Beogh against you.
Beogh smites you!
You die...

#.#.#####.#.........##
#.#.# #.#.......####
#.#.#####.#....#### #.
#.#.#.....#.#### ##.
#.#.#####...### #..
#.# #.....## #.. #.#
#......###.. #.#
#.###..##... #@#
#.###...#... ..)o.oo.#
#..##...#... .########
#.....))....
###########) #. ##


You could see an orc warrior, an orc priest and an orc.

Vanquished Creatures
  2 phantoms (D:4)
  2 hounds (D:4)
  3 orc priests (D:4)
  An iguana (D:4)
  Natasha (thrice) (D:3)
  2 orc wizards (D:4)
  Robin (D:2)
  2 gnolls
  3 adders
  A shadow imp (D:3)
  An ufetubus (D:4)
  A worm (D:4)
  2 dart slugs
  11 orcs
  2 endoplasms
  3 giant cockroaches
  15 goblins
  11 hobgoblins
  4 quokkas
  6 ball pythons
  3 bats
  A frilled lizard (D:2)
  7 kobolds
  8 rats
95 creatures vanquished.

Notes
Turn   | Place    | Note
-------+----------+-------------------------------------------
     0 | D:1      | javelincjr the Gnoll Conjurer began the quest for the Orb.
     0 | D:1      | Reached XP level 1. HP: 13/13 MP: 6/6
   370 | D:1      | Reached XP level 2. HP: 13/15 MP: 4/7
  1134 | D:2      | Noticed Robin
  1139 | D:2      | Reached skill level 5 in Spellcasting
  1139 | D:2      | Reached XP level 3. HP: 25/25 MP: 4/9
  1184 | D:1      | Learned a level 2 spell: Searing Ray
  1203 | D:2      | Reached skill level 1 in Invocations
  1203 | D:2      | Killed Robin
  1204 | D:2      | Reached skill level 1 in Fighting
  1204 | D:2      | Reached skill level 1 in Short Blades
  1204 | D:2      | Reached skill level 1 in Long Blades
  1204 | D:2      | Reached skill level 1 in Axes
  1204 | D:2      | Reached skill level 1 in Maces & Flails
  1204 | D:2      | Reached skill level 1 in Polearms
  1204 | D:2      | Reached skill level 1 in Staves
  1204 | D:2      | Reached skill level 1 in Ranged Weapons
  1204 | D:2      | Reached skill level 1 in Throwing
  1204 | D:2      | Reached skill level 1 in Armour
  1204 | D:2      | Reached skill level 1 in Shields
  1204 | D:2      | Reached skill level 1 in Unarmed Combat
  1204 | D:2      | Reached skill level 1 in Evocations
  1305 | D:2      | Reached XP level 4. HP: 32/32 MP: 11/11
  1638 | D:2      | Found a basalt altar of Yredelemnul.
  1850 | D:3      | Found a shadowy altar of Dithmenos.
  2174 | D:3      | Found a hide-covered altar of Uskayaw.
  2319 | D:3      | Reached skill level 1 in Hexes
  2319 | D:3      | Reached skill level 1 in Summonings
  2319 | D:3      | Reached skill level 1 in Necromancy
  2319 | D:3      | Reached skill level 1 in Translocations
  2319 | D:3      | Reached skill level 1 in Transmutations
  2319 | D:3      | Reached skill level 1 in Fire Magic
  2319 | D:3      | Reached skill level 1 in Ice Magic
  2319 | D:3      | Reached skill level 1 in Air Magic
  2319 | D:3      | Reached skill level 1 in Earth Magic
  2319 | D:3      | Reached skill level 1 in Poison Magic
  2418 | D:3      | Noticed Natasha
  2423 | D:3      | Killed Natasha
  2424 | D:3      | Reached XP level 5. HP: 37/37 MP: 8/12
  2644 | D:3      | Noticed Natasha
  2650 | D:3      | Killed Natasha
  2898 | D:3      | Noticed Natasha
  2900 | D:3      | Killed Natasha
  2991 | D:4      | Noticed a phantom
  2999 | D:4      | Killed a phantom
  3000 | D:4      | Reached skill level 5 in Dodging
  3000 | D:4      | Reached XP level 6. HP: 44/44 MP: 3/14
  3629 | D:4      | Reached XP level 7. HP: 51/51 MP: 8/15
  4104 | D:4      | Got Practicing Spellcraft
  4141 | D:4      | Killed from afar by an orc priest

Illustrated notes

Levels and vault maps discovered:
D:1:      psy_arrival_statuary, layout_loops_corners, minmay_misc_feat_encased
D:2:      layout_rooms, basic_altar, uniq_robin
D:3:      layout_loops_cross, mainiacjoe_overflow_24_doors,
          nicolae_overflow_hidden_temple, mainiacjoe_overflow_tiny_flanked,
          serial_bayou_pond_b, chequers_serial_rivers_micro_b, uniq_natasha
D:4:      minmay_recursive_quarters, layout_basic

Skill      XL: |  1  2  3  4  5  6  7 |
---------------+----------------------+-----
Spellcasting   | 5 |  5.6
Invocations    | 1 2 |  2.8
Fighting       | 1 2 |  2.5
Short Blades   | 1 2 |  2.5
Long Blades    | 1 2 |  2.5
Axes           | 1 2 |  2.5
Maces & Flails | 1 2 |  2.5
Polearms       | 1 2 |  2.5
Staves         | 1 2 |  2.5
Ranged Weapons | 1 2 |  2.5
Throwing       | 1 2 |  2.5
Armour         | 1 2 |  2.5
Shields        | 1 2 |  2.5
Unarmed Combat | 1 2 |  2.5
Evocations     | 1 2 |  2.5
Hexes          | 1 2 |  2.0
Summonings     | 1 2 |  2.0
Necromancy     | 1 2 |  2.0
Translocations | 1 2 |  2.0
Transmutations | 1 2 |  2.0
Fire Magic     | 1 2 |  2.0
Ice Magic      | 1 2 |  2.0
Air Magic      | 1 2 |  2.0
Earth Magic    | 1 2 |  2.0
Poison Magic   | 1 2 |  2.0
Dodging        | 5 |  5.2
Stealth        | |  4.9
Conjurations   | |  7.4

Action                     |  1- 3 |  4- 6 |  7- 9 || total
---------------------------+-------+-------+-------++-------
  Melee: Unarmed           |    16 |       |       ||    16
         Bite              |     4 |     5 |     2 ||    11
         Dagger            |    18 |    39 |    15 ||    72
   Cast: Magic Dart        |    31 |    54 |    24 ||   109
         Searing Ray       |     2 |    10 |     4 ||    16
    Use: Scroll            |       |     5 |       ||     5
         Potion            |       |       |     2 ||     2
   Stab: Sleeping          |     1 |     2 |       ||     3
 Armour: Robe              |     2 |       |       ||     2
         Ring mail         |    12 |    19 |     8 ||    39
  Dodge: Dodged            |    30 |    23 |     8 ||    61
